Map: Abyssal Reef LE

Players

Fashion - Winner!

  • Race: Zerg Zerg
  • League: Master
  • Spawn Location: 5:00

nickvmBR

  • Race: Terran Terran
  • League: Master
  • Spawn Location: 11:00

VOD

Have the link to the VOD?

Description

Time

  • Played on: July 7, 2017, 10:15 p.m.
  • Length: 7:40
Show
View Real Time Build Order
Export as new Build Order

Fashion Zerg - Winner!

Build Orders: Hatch First 

Get SALT Encoding   

  12  0:01  Drone  
  13  0:12  Overlord  
  13  0:17  Drone  
  14  0:30  Drone x2  
  14  0:34  Drone  
  17  0:51  Hatchery  
  17  0:54  Drone  
  17  0:57  Drone  
  18  1:08  Extractor  
  17  1:15  Spawning Pool, Drone  
  17  1:18  Drone  
  18  1:27  Drone  
  19  1:40  Overlord  
  19  1:49  Drone  
  20  2:01  Queen  
  20  2:02  Zergling x2  
  20  2:03  Queen  
  20  2:04  Zergling x2  
  26  2:09  Metabolic Boost  
  26  2:11  Drone  
  26  2:14  Drone  
  28  2:31  Hatchery  
  27  2:37  Drone x2  
  27  2:42  Overlord  
  27  2:44  Drone  
  30  2:57  Drone  
  30  2:58  Queen  
  31  3:01  Queen  
  35  3:06  Zergling x4  
  37  3:13  Zergling x6  
  40  3:20  Overlord  
  40  3:23  Zergling x4  
  42  3:27  Zergling x4  
  44  3:35  Overlord x2  
  44  3:45  Zergling x8  
  46  3:58  Zergling x2  
  46  3:59  Zergling x10  
  52  4:08  Zergling x4  
  50  4:16  Queen x2  
  54  4:24  Zergling x8  
  52  4:44  Zergling x8  
  52  4:45  Zergling x10  
  61  4:46  Drone  
  56  5:24  Zergling x4  
  56  5:25  Drone x8  
  56  5:26  Drone  
  66  5:49  Zergling x12  
  71  6:05  Zergling x6  
  71  6:11  Overlord x4  
  73  6:16  Baneling Nest  
  72  6:19  Evolution Chamber  
  72  6:20  Evolution Chamber  
  72  6:24  Drone  
  72  6:25  Drone x2, Overlord x2  
  73  6:42  Zergling x22  
Show
View Real Time Build Order
Export as new Build Order

nickvmBR Terran 

Build Orders:  

Get SALT Encoding   

  12  0:01  SCV  
  13  0:13  SCV  
  14  0:17  Supply Depot  
  14  0:25  SCV  
  15  0:39  SCV  
  15  0:40  Barracks  
  16  0:45  Refinery  
  16  0:55  SCV  
  17  1:00  Barracks  
  17  1:07  SCV  
  18  1:18  Barracks  
  18  1:25  Refinery  
  18  1:29  Reaper  
  19  1:39  Supply Depot  
  19  1:45  SCV  
  20  1:48  Reaper  
  21  2:01  Reaper  
  22  2:06  Reaper  
  23  2:13  Barracks  
  23  2:20  Reaper  
  24  2:28  Supply Depot  
  24  2:33  Reaper  
  25  2:39  Reaper  
  26  2:52  Reaper  
  26  2:55  Barracks  
  27  3:00  Reaper  
  28  3:08  Reaper  
  29  3:13  Reaper  
  30  3:24  Reaper  
  31  3:32  Reaper  
  31  3:34  Supply Depot  
  32  3:40  Reaper  
  33  3:53  Reaper  
  34  4:08  Reaper x2  
  35  4:12  Orbital Command  
  35  4:22  Reaper  
  33  4:33  Reaper  
  32  4:41  Reaper  
  32  4:43  SCV, Reaper  
  35  4:55  SCV  
  36  5:02  Reaper  
  36  5:03  Reaper  
  37  5:16  Reaper  
  37  5:21  Reaper  
  32  5:23  Command Center  
  32  5:25  Supply Depot  
  32  5:29  Reaper  
  32  5:44  Reaper  
  32  5:47  Reaper  
  32  5:49  Supply Depot  
  34  5:57  Reaper  
  34  6:02  Command Center  
  35  6:05  Reaper  
  36  6:18  Reaper  
  37  6:23  SCV  
  38  6:26  Reaper  
  39  6:34  Reaper  
  39  6:35  SCV  
  40  6:41  Orbital Command  
  40  6:42  Reaper  
  40  6:43  Supply Depot  
Tags
 
Matchup
TvZ
Replay Pack
3rax reaper
Spawn Locations
Cross Positions
Add a new tag
Caveats
  • Supply blocks, unpowered buildings, or Contaminate may cause inaccurate times.
  • Supply counts are checked every 10 seconds.